[Event "Titled Tuesday Blitz June 07 Early 2022"]
[White "Thavandiran, Shiyam"]
[Black "Vasquez Schroeder, Rodrigo"]
[WhiteFideId "2605058"]
[BlackFideId "3400042"]
[WhiteElo "2357"]
[BlackElo "2567"]
[Result "0-1"]
[Round "08"]
[TimeControl "180+1"]
[Date "2022.06.07"]
[WhiteClock "0:00:01"]
[BlackClock "0:00:19"]

1. e4 c5 2. Nc3 Nc6 3. g3 g6 4. Bg2 Bg7 5. d3 d6 6. Be3 e5 7. Nd5 Nge7 8. Qd2 Nxd5 9. exd5 Nd4 10. h4 h5 11. c3 Nf5 12. Ne2 Bd7 13. O-O O-O 14. c4 b5 15. Nc3 bxc4 16. dxc4 Nxe3 17. Qxe3 f5 18. Kh2 Rb8 19. b3 Kh7 20. Rae1 Qf6 21. Qc1 a6 22. Qa3 Ra8 23. Qa5 Qd8 24. Qa3 e4 25. Ne2 Be5 26. Kg1 f4 27. Nxf4 Bxf4 28. gxf4 Rxf4 29. Rxe4 Rxe4 30. Bxe4 Qxh4 31. Bg2 Bh3 32. Bxh3 Qxh3 33. Re1 Qg4+ 34. Kf1 Qh4 35. Qc1 Rf8 36. Qe3 Rf7 37. Kg2 Qf6 38. Qg3 h4 39. Rh1 g5 40. Qd3+ Kh6 41. Qe3 Kh5 42. Re1 g4 43. Re2 Qf3+ 44. Kg1 Qxe3 45. Rxe3 Rf6 46. Re8 Kg5 47. Ra8 Kf4 48. Rxa6 Kf3 49. Ra8 Rf4 50. Re8 Rd4 51. Re3+ Kf4 52. a4 Rd1+ 53. Kg2 h3+ 54. Kh2 Rf1 0-1


[Site "https://www.chess.com"]

[Event "Titled Tuesday Blitz June 07 Early 2022"]
[White "Vokhidov, Shamsiddin"]
[Black "Bluebaum, Matthias"]
[WhiteFideId "14204223"]
[BlackFideId "24651516"]
[WhiteElo "2611"]
[BlackElo "2556"]
[Result "1-0"]
[Round "08"]
[TimeControl "180+1"]
[Date "2022.06.07"]
[WhiteClock "0:00:07"]
[BlackClock "0:00:05"]

1. e4 e5 2. Nf3 Nf6 3. Nc3 Nc6 4. a3 d5 5. Bb5 d4 6. Ne2 Bd6 7. Bxc6+ bxc6 8. d3 h6 9. O-O c5 10. c3 Be6 11. b4 dxc3 12. bxc5 Bxc5 13. Nxe5 O-O 14. Qc2 Ng4 15. Nf3 f5 16. Qxc3 fxe4 17. dxe4 Bxf2+ 18. Rxf2 Qd1+ 19. Rf1 Qxe2 20. h3 Bc4 21. Bd2 Nf6 22. Rac1 Ba6 23. Rfe1 Qd3 24. Qc6 Bb5 25. Qe6+ Kh7 26. Rxc7 Rae8 27. Qf5+ Kg8 28. Re3 Qb1+ 29. Re1 Qd3 30. Bxh6 Nd7 31. Qg6 Re7 32. Ng5 Rf1+ 33. Kh2 Nf8 34. Qxg7+ Rxg7 35. Rxg7+ Kh8 36. Rxf1 Qd6+ 37. Kg1 Qb6+ 38. Rf2 Qxh6 39. Nf7+ Kxg7 40. Nxh6 Kxh6 41. Rxf8 Kg7 42. Rf4 Kg6 43. Kf2 Kg7 44. Ke3 Bc6 45. g3 1-0


[Site "https://www.chess.com"]

[Event "Titled Tuesday Blitz June 07 Early 2022"]
[White "Xiong, Jeffery"]
[Black "Chigaev, Maksim"]
[WhiteFideId "2047640"]
[BlackFideId "4108116"]
[WhiteElo "2714"]
[BlackElo "2457"]
[Result "1-0"]
[Round "08"]
[TimeControl "180+1"]
[Date "2022.06.07"]
[WhiteClock "0:00:24"]
[BlackClock "0:00:01"]

1. e4 e5 2. Nf3 Nc6 3. Nc3 Nf6 4. d4 exd4 5. Nxd4 Nxe4 6. Nxe4 Qe7 7. Bd3 Nxd4 8. O-O d5 9. Bc4 Nf3+ 10. Qxf3 Qxe4 11. Bxd5 Qxf3 12. Bxf3 c6 13. Re1+ Be7 14. Bg5 Be6 15. Bxe7 Kxe7 16. Bg4 Rad8 17. Bxe6 fxe6 18. Re2 Rd6 19. Rae1 Rf8 20. f3 Rf5 21. b3 b5 22. Kf2 a5 23. Re4 Rfd5 24. R1e2 Rd2 25. Rxe6+ Rxe6 26. Rxd2 Rf6 27. Rd4 Rf5 28. Ke3 b4 29. c3 c5 30. Re4+ Kd6 31. c4 Rf7 32. f4 a4 33. g4 h5 34. h3 hxg4 35. hxg4 g6 36. Re5 Rh7 37. Rg5 Rh2 38. Rxg6+ Kc7 39. Rg7+ Kb6 40. bxa4 Rxa2 41. Kd3 Rf2 42. f5 b3 43. Rg8 Ka5 44. Rb8 Kxa4 45. Ke4 b2 46. g5 Ka3 47. g6 Re2+ 48. Kd5 Rf2 49. Ke6 Rg2 50. Kf7 Rg4 51. g7 1-0


[Site "https://www.chess.com"]

[Event "Titled Tuesday Blitz June 07 Early 2022"]
[White "Xu, Yi"]
[Black "Le, Tuan Minh"]
[WhiteFideId "8605564"]
[BlackFideId "12401153"]
[WhiteElo "2471"]
[BlackElo "2530"]
[Result "0-1"]
[Round "08"]
[TimeControl "180+1"]
[Date "2022.06.07"]
[WhiteClock "0:00:04"]
[BlackClock "0:00:14"]

1. e4 c5 2. Nf3 Nf6 3. e5 Nd5 4. Nc3 e6 5. Nxd5 exd5 6. d4 Nc6 7. dxc5 Bxc5 8. Qxd5 d6 9. exd6 Qb6 10. Qe4+ Be6 11. Qh4 Bxd6 12. Be2 O-O 13. O-O Bf5 14. c3 Rfe8 15. Qc4 Bg6 16. Qb5 Qc7 17. Be3 a6 18. Qb3 Bh5 19. h3 Ne5 20. Nxe5 Bxe2 21. Rfe1 Bb5 22. Nf3 h6 23. Nd4 Bc4 24. Qc2 Rad8 25. Rad1 Bf8 26. a3 b5 27. Nf3 Bd5 28. Qf5 Qb7 29. Bd4 Be4 30. Qg4 Re6 31. Ne5 Bc2 32. Rc1 Bh7 33. Qf3 Qc7 34. Ng4 Rg6 35. Ne3 Qd7 36. Rcd1 Qc8 37. Be5 Re8 38. Bg3 Rge6 39. Rf1 Be4 40. Qe2 Bb7 41. Qc2 Qc6 42. Kh2 g6 43. Rg1 h5 44. Rde1 Bc5 45. Bf4 Re4 46. Bg3 h4 47. Bxh4 Rxh4 48. Ng4 Rxe1 49. Rxe1 Qxg2# 0-1


[Site "https://www.chess.com"]

[Event "Titled Tuesday Blitz June 07 Early 2022"]
[White "Abarca Gonzalez, Nicolas"]
[Black "Karavade, Eesha"]
[WhiteFideId "3409422"]
[BlackFideId "5012600"]
[WhiteElo "2504"]
[BlackElo "2258"]
[Result "1-0"]
[Round "09"]
[TimeControl "180+1"]
[Date "2022.06.07"]
[WhiteClock "0:00:53"]
[BlackClock "0:00:38"]

1. e4 c5 2. Nf3 d6 3. Bc4 Nf6 4. e5 dxe5 5. Nxe5 e6 6. Qe2 a6 7. a4 Bd6 8. f4 O-O 9. b3 Nbd7 10. Bb2 Bxe5 11. fxe5 Nd5 12. O-O Ne7 13. Na3 Ng6 14. Bd3 b6 15. Nc4 Bb7 16. Rae1 Qc7 17. Nd6 Bc6 18. Qh5 b5 19. Re3 c4 20. Rh3 h6 21. Bxg6 fxg6 22. Qxg6 Rxf1+ 23. Kxf1 Nf8 24. Qg4 Kh7 25. axb5 axb5 26. Bd4 Ra2 27. Be3 Ra1+ 28. Kf2 Qe7 29. bxc4 bxc4 30. Qxc4 Bd5 31. Qd4 Ng6 32. Qxa1 Qf8+ 33. Kg1 1-0


[Site "https://www.chess.com"]

[Event "Titled Tuesday Blitz June 07 Early 2022"]
[White "Adla, Diego"]
[Black "Wagner, Dennis"]
[WhiteFideId "100072"]
[BlackFideId "24650684"]
[WhiteElo "2377"]
[BlackElo "2355"]
[Result "1-0"]
[Round "09"]
[TimeControl "180+1"]
[Date "2022.06.07"]
[WhiteClock "0:00:42"]
[BlackClock "0:00:02"]

1. c4 e5 2. Nc3 Bb4 3. Nf3 Bxc3 4. bxc3 e4 5. Nd4 Nf6 6. g3 O-O 7. Bg2 Re8 8. O-O d5 9. cxd5 Qxd5 10. d3 Qh5 11. Rb1 Nc6 12. Nxc6 bxc6 13. Bf4 Bh3 14. Qd2 Rad8 15. Bxc7 Rd7 16. Bf4 h6 17. Rb8 Rxb8 18. Bxb8 Ng4 19. f3 Bxg2 20. fxg4 Qh3 21. Rf2 e3 22. Qxe3 Bd5 23. c4 Be6 24. g5 Rb7 25. Rf1 Rxb8 26. gxh6 Qxh6 27. Qe5 Rd8 28. Rf4 Qg6 29. Qc5 Qh6 30. Qxa7 Qg5 31. Qe3 Qa5 32. Re4 Rb8 33. Kg2 1-0


[Site "https://www.chess.com"]

[Event "Titled Tuesday Blitz June 07 Early 2022"]
[White "Andreikin, Dmitry"]
[Black "Svane, Frederik"]
[WhiteFideId "4158814"]
[BlackFideId "12923044"]
[WhiteElo "2736"]
[BlackElo "2459"]
[Result "0-1"]
[Round "09"]
[TimeControl "180+1"]
[Date "2022.06.07"]
[WhiteClock "0:00:06"]
[BlackClock "0:00:10"]

1. d4 Nf6 2. c4 e6 3. Nf3 d5 4. g3 Bb4+ 5. Bd2 Be7 6. Bg2 O-O 7. O-O c6 8. Nc3 dxc4 9. a4 a5 10. e4 Na6 11. Bf4 Nb4 12. Ne5 c5 13. dxc5 Bxc5 14. Nxc4 Nd3 15. e5 Nxf4 16. gxf4 Qxd1 17. Rfxd1 Nh5 18. Ne2 g6 19. Nd6 Rb8 20. Bf3 Ng7 21. Ng3 f5 22. exf6 Bxd6 23. fxg7 Rd8 24. Rac1 Kxg7 25. Ne4 Be7 26. Rc7 Rxd1+ 27. Bxd1 Kf8 28. Ng5 Ke8 29. Be2 Kd8 30. Rc2 Bd7 31. Rd2 Ke8 32. b3 Rc8 33. Bc4 Bxg5 34. fxg5 Rc5 35. f4 Rf5 36. Rd4 e5 37. Re4 Ke7 38. h4 Kd6 39. fxe5+ Rxe5 40. Rd4+ Ke7 41. Kf2 Bc6 42. Bd3 Rd5 43. Re4+ Kd6 44. Re3 Rd4 45. Kg3 Bd5 46. Bb5 Rb4 47. Bc4 Bxc4 48. bxc4 Rxc4 49. Rb3 Kc6 50. Rf3 Rxa4 51. Rf7 Rb4 52. Rxh7 a4 53. h5 gxh5 54. Rxh5 a3 55. g6 a2 56. Rh1 Rb1 57. Rh6 a1=Q 58. g7+ Kc7 59. g8=Q Rg1+ 60. Kh4 Qd4+ 61. Kh5 Qe5+ 62. Kh4 Qh2# 0-1


[Site "https://www.chess.com"]

[Event "Titled Tuesday Blitz June 07 Early 2022"]
[White "Barp, Alberto"]
[Black "Sadhwani, Raunak"]
[WhiteFideId "872555"]
[BlackFideId "35093487"]
[WhiteElo "2229"]
[BlackElo "2616"]
[Result "0-1"]
[Round "09"]
[TimeControl "180+1"]
[Date "2022.06.07"]
[WhiteClock "0:00:04"]
[BlackClock "0:01:17"]

1. d4 d6 2. Nf3 g6 3. e4 Bg7 4. Nbd2 Nf6 5. Bd3 O-O 6. O-O Nc6 7. c3 e5 8. Re1 Nh5 9. dxe5 Nxe5 10. Nxe5 dxe5 11. Bc4 Qe7 12. Nf1 Nf4 13. Ne3 c6 14. Bf1 Be6 15. Qc2 h5 16. Nc4 h4 17. Bxf4 exf4 18. h3 Rad8 19. Nd2 g5 20. e5 Rd5 21. Nf3 g4 22. hxg4 Bxg4 23. Bc4 Bxf3 24. gxf3 Rxe5 25. Rxe5 Qxe5 26. Qg6 b5 27. Bb3 c5 28. Qg4 Rd8 29. Qxh4 Rd2 30. Qg4 c4 31. Qc8+ Kh7 32. Qh3+ Bh6 33. Bd1 Rxb2 34. Kg2 Rd2 35. a4 b4 36. Rc1 b3 37. Qc8 Qg5+ 38. Kf1 Qh4 39. Qf5+ Kg7 40. Qe5+ Kg8 41. Qe8+ Bf8 0-1


[Site "https://www.chess.com"]

[Event "Titled Tuesday Blitz June 07 Early 2022"]
[White "Cardoso Cardoso, Jose Gabriel"]
[Black "Janaszak, Dawid"]
[WhiteFideId "4430492"]
[BlackFideId "1119206"]
[WhiteElo "2485"]
[BlackElo "2199"]
[Result "1/2-1/2"]
[Round "09"]
[TimeControl "180+1"]
[Date "2022.06.07"]
[WhiteClock "0:00:05"]
[BlackClock "0:00:05"]

1. c4 Nf6 2. g3 g6 3. b3 Bg7 4. Bb2 d6 5. d4 c5 6. Nf3 O-O 7. Bg2 Qa5+ 8. Bc3 Qb6 9. d5 e5 10. dxe6 Bxe6 11. O-O Rd8 12. Ng5 Nc6 13. Nxe6 fxe6 14. e3 Qc7 15. Qe2 d5 16. Rd1 Ne4 17. Bxe4 dxe4 18. Bxg7 Qxg7 19. Nd2 Qb2 20. Kf1 Qc2 21. Rac1 Qd3 22. Qxd3 exd3 23. Ne4 b6 24. Rc3 Ne5 25. f4 Ng4 26. Rdxd3 Nxh2+ 27. Ke2 Ng4 28. Ng5 e5 29. Kf3 h5 30. Rd5 exf4 31. gxf4 Re8 32. e4 Re7 33. e5 Rf8 34. Kg3 Nh6 35. Rcd3 Nf5+ 36. Kf3 Nd4+ 37. R3xd4 cxd4 38. Ke4 Ree8 39. Rd6 d3 40. Rxg6+ Kh8 41. Rh6+ Kg7 42. Rxh5 d2 43. Rh1 Rh8 44. Rd1 Rh2 45. Nf3 Re2+ 46. Kd3 Rf2 47. Ke3 Rg2 48. Rxd2 Rxd2 49. Nxd2 Kf7 50. Ke4 Rh8 51. Nf3 Rh1 52. Ng5+ Ke7 53. f5 Re1+ 54. Kd5 Rd1+ 55. Kc6 Re1 56. f6+ Kf8 57. Kd6 Rd1+ 58. Ke6 Rh1 59. Ne4 Rh2 60. Kd7 Re2 61. Nd6 Rxe5 62. Kc7 Re2 63. Nc8 Rxa2 64. Kb7 Ra3 65. Nxa7 Rxb3 66. Nb5 Rb4 67. Nd6 Rb1 68. Kc6 Rb2 69. f7 Rb1 70. Kc7 Rb2 71. Kd7 Rb1 72. Ke6 Re1+ 73. Kd5 Rd1+ 74. Kc6 Rb1 75. Kc7 Rb2 76. Nb5 Rb4 77. Nd6 Rxc4+ 78. Nxc4 Kxf7 79. Nxb6 1/2-1/2


[Site "https://www.chess.com"]

[Event "Titled Tuesday Blitz June 07 Early 2022"]
[White "Chigaev, Maksim"]
[Black "Khamdamova, Afruza"]
[WhiteFideId "4108116"]
[BlackFideId "14210444"]
[WhiteElo "2457"]
[BlackElo "1660"]
[Result "1-0"]
[Round "09"]
[TimeControl "180+1"]
[Date "2022.06.07"]
[WhiteClock "0:01:24"]
[BlackClock "0:00:27"]

1. d4 Nf6 2. Nf3 d5 3. c4 e6 4. g3 dxc4 5. Bg2 c5 6. O-O Nc6 7. dxc5 Qxd1 8. Rxd1 Bxc5 9. Nfd2 Ne5 10. Na3 c3 11. bxc3 O-O 12. Nb3 Be7 13. c4 Ng6 14. Nb5 e5 15. Be3 Be6 16. Nc7 Rac8 17. Nxe6 fxe6 18. Bxb7 Rxc4 19. Rac1 Ra4 20. Rc2 Ng4 21. Bc5 Bxc5 22. Nxc5 Rb4 23. Bf3 Re8 24. a3 1-0


[Site "https://www.chess.com"]

[Event "Titled Tuesday Blitz June 07 Early 2022"]
[White "Costachi, Mihnea"]
[Black "Djokic, Mihailo"]
[WhiteFideId "1217518"]
[BlackFideId "976440"]
[WhiteElo "2476"]
[BlackElo "2255"]
[Result "1-0"]
[Round "09"]
[TimeControl "180+1"]
[Date "2022.06.07"]
[WhiteClock "0:01:06"]
[BlackClock "0:00:29"]

1. d4 Nf6 2. Bg5 Ne4 3. Bf4 d5 4. e3 c5 5. Nd2 Nxd2 6. Qxd2 e6 7. c3 Nc6 8. Nf3 Bd6 9. Bg3 Qc7 10. dxc5 Bxg3 11. hxg3 Bd7 12. b4 a5 13. Be2 axb4 14. cxb4 Ra3 15. Qb2 Ra4 16. Qxg7 Rf8 17. Rxh7 Nxb4 18. Kf1 Qxc5 19. Ne5 Bb5 20. Bxb5+ Qxb5+ 21. Kg1 Qc5 22. Ng6 Nc2 23. Nxf8 Qe7 24. Ng6 Rg4 25. Qh8+ Qf8 26. Qxf8+ 1-0


[Site "https://www.chess.com"]

[Event "Titled Tuesday Blitz June 07 Early 2022"]
[White "Daneshvar, Bardiya"]
[Black "Demchenko, Anton"]
[WhiteFideId "12576468"]
[BlackFideId "4160258"]
[WhiteElo "2303"]
[BlackElo "2539"]
[Result "1-0"]
[Round "09"]
[TimeControl "180+1"]
[Date "2022.06.07"]
[WhiteClock "0:00:48"]
[BlackClock "0:00:04"]

1. d4 Nf6 2. c4 g6 3. Nc3 Bg7 4. e4 d6 5. Nf3 O-O 6. Be2 e5 7. O-O h6 8. dxe5 dxe5 9. Qxd8 Rxd8 10. Nxe5 Nxe4 11. Nxe4 Bxe5 12. Bxh6 Nc6 13. Bg5 Re8 14. Rfe1 Kg7 15. Nc3 Bf5 16. Rad1 Nd4 17. Bd3 Bxd3 18. Rxd3 Nc6 19. Rde3 f6 20. Bf4 g5 21. Bxe5 Rxe5 22. Rxe5 Nxe5 23. b3 Rd8 24. Rd1 Re8 25. Kf1 Kf7 26. f3 f5 27. Kf2 c6 28. Ne2 f4 29. h3 Kg6 30. Nc3 Re6 31. Ne4 g4 32. hxg4 Nxg4+ 33. fxg4 Rxe4 34. Rd7 b6 35. Rxa7 Rd4 36. Rc7 Rd2+ 37. Kf3 Rxa2 38. Rxc6+ Kg5 39. Rxb6 Rb2 40. Rb5+ Kg6 41. Kxf4 Rxg2 42. Rb6+ Kf7 43. c5 Ke7 44. b4 Rf2+ 45. Kg5 Kd7 46. Kg6 Rc2 47. g5 Ke7 48. Rb7+ Ke6 49. Rf7 Rc4 50. Rf6+ Ke7 51. Rb6 Kd7 52. Kg7 Rd4 53. g6 Ke7 54. Rb7+ Ke6 55. c6 Rc4 56. b5 Rxc6 57. bxc6 1-0


[Site "https://www.chess.com"]

[Event "Titled Tuesday Blitz June 07 Early 2022"]
[White "Grischuk, Alexander"]
[Black "Bharath Subramaniyam H"]
[WhiteFideId "4126025"]
[BlackFideId "46634827"]
[WhiteElo "2762"]
[BlackElo "2242"]
[Result "1-0"]
[Round "09"]
[TimeControl "180+1"]
[Date "2022.06.07"]
[WhiteClock "0:00:04"]
[BlackClock "0:00:03"]

1. d4 Nf6 2. Nf3 e6 3. c4 d5 4. g3 Bb4+ 5. Bd2 Be7 6. Bg2 c6 7. Qc2 O-O 8. h4 dxc4 9. Qxc4 b5 10. Qc2 Bb7 11. Nc3 a6 12. Ne4 Nbd7 13. Nxf6+ Nxf6 14. O-O Rc8 15. b4 h6 16. a3 Qb6 17. e3 Rfd8 18. Ne5 Nd5 19. e4 Nf6 20. Be3 Qc7 21. Bf3 a5 22. Nd3 axb4 23. axb4 Ra8 24. Kg2 Nd7 25. Rfc1 Nb6 26. e5 Nc4 27. Qc3 c5 28. bxc5 Bxf3+ 29. Kxf3 Qc6+ 30. Ke2 f6 31. Rxa8 Rxa8 32. Ra1 fxe5 33. Rxa8+ Qxa8 34. Nxe5 Qa2+ 35. Kf3 Qa8+ 36. Ke2 Qa2+ 37. Bd2 Nxe5 38. dxe5 Qd5 39. Be3 Kf7 40. Qc2 b4 41. Qd3 Qc6 42. Qc4 b3 43. Qxb3 Qa6+ 44. Qd3 Qa2+ 45. Kf3 Qa8+ 46. Qe4 Qa5 47. c6 Qc3 48. Kg2 h5 49. Qf3+ Kg8 50. Qe4 Kf7 51. Qf3+ Kg8 52. Qxh5 Qxc6+ 53. Qf3 Qc4 54. h5 Bf8 55. Bf4 Qd4 56. Kh2 Bc5 57. Be3 Qxe5 58. Bxc5 Qxc5 59. Kg2 Qe5 60. Qg4 Qf6 61. Qe4 Kf7 62. g4 Kg8 63. Kg3 Qc3+ 64. Qf3 Qe5+ 65. Qf4 Qc3+ 66. Qe3 Qc7+ 67. f4 Qc6 68. g5 Qd5 69. Qf3 Qf5 70. Qg4 Qd3+ 71. Qf3 Qd4 72. g6 Qg1+ 73. Qg2 Qe3+ 74. Kg4 e5 75. Qa8# 1-0


[Site "https://www.chess.com"]

[Event "Titled Tuesday Blitz June 07 Early 2022"]
[White "Hambleton, Aman"]
[Black "Yang, Kaiqi"]
[WhiteFideId "2606577"]
[BlackFideId "8604398"]
[WhiteElo "2552"]
[BlackElo "2373"]
[Result "0-1"]
[Round "09"]
[TimeControl "180+1"]
[Date "2022.06.07"]
[WhiteClock "0:00:01"]
[BlackClock "0:00:29"]

1. b3 e5 2. Bb2 Nc6 3. e3 Nf6 4. c4 Be7 5. Nc3 O-O 6. Nf3 Re8 7. a3 Bf8 8. d3 d5 9. cxd5 Nxd5 10. Be2 a5 11. Qc2 Be6 12. Ne4 f6 13. Nc5 Bxc5 14. Qxc5 Qd7 15. O-O Nb6 16. Qc2 Qf7 17. Nd2 Qg6 18. Rfd1 Rad8 19. Rac1 Kh8 20. Ne4 Bd5 21. Bf1 Nd7 22. b4 axb4 23. axb4 Nxb4 24. Qxc7 Na6 25. Qa5 Ndb8 26. Nc3 Bf3 27. Re1 Nc6 28. Qb6 Ncb4 29. Kh1 Bc6 30. d4 Nd3 0-1


[Site "https://www.chess.com"]

[Event "Titled Tuesday Blitz June 07 Early 2022"]
[White "Ivic, Velimir"]
[Black "Lagno, Kateryna"]
[WhiteFideId "950122"]
[BlackFideId "14109336"]
[WhiteElo "2610"]
[BlackElo "2522"]
[Result "0-1"]
[Round "09"]
[TimeControl "180+1"]
[Date "2022.06.07"]
[WhiteClock "0:01:58"]
[BlackClock "0:00:56"]

1. c4 e5 2. Nc3 Bb4 3. g3 Bxc3 4. bxc3 d6 5. Bg2 Nc6 6. e4 Be6 7. d3 Qd7 8. Rb1 Rb8 9. h3 Nge7 10. Ne2 f5 11. exf5 Bxf5 12. g4 Be6 13. f4 exf4 14. Nxf4 Bf7 15. O-O O-O 16. Qe1 d5 17. Nxd5 Nxd5 18. Rxf7 Rxf7 19. Bxd5 Re8 20. Qg3 Ne5 21. Bf4 c6 22. Bxf7+ Nxf7 23. Re1 Rxe1+ 24. Qxe1 g5 25. Qe8+ Qxe8 0-1


[Site "https://www.chess.com"]

[Event "Titled Tuesday Blitz June 07 Early 2022"]
[White "Jeet, Jain"]
[Black "Harvey, Marcus R"]
[WhiteFideId "5073022"]
[BlackFideId "400092"]
[WhiteElo "2055"]
[BlackElo "2485"]
[Result "1-0"]
[Round "09"]
[TimeControl "180+1"]
[Date "2022.06.07"]
[WhiteClock "0:00:24"]
[BlackClock "0:00:18"]

1. Nf3 d5 2. e3 Nf6 3. b3 e6 4. Bb2 Bd6 5. d4 c5 6. Bd3 Nc6 7. a3 cxd4 8. exd4 Qc7 9. O-O O-O 10. Re1 b6 11. Nbd2 Bb7 12. Ne5 Rac8 13. f4 Ne7 14. Rc1 Qb8 15. Qe2 Qa8 16. g4 Rc7 17. g5 Ne4 18. Nxe4 dxe4 19. Bxe4 Bxe4 20. Qxe4 Qxe4 21. Rxe4 Rd8 22. c4 Nf5 23. Nf3 Rb8 24. Kf2 Ne7 25. b4 Nf5 26. Ba1 Be7 27. c5 b5 28. d5 exd5 29. Re5 g6 30. Rxd5 Re8 31. Re1 Ra8 32. Be5 Rc6 33. Nd4 Nxd4 34. Bxd4 Bf8 35. Bf6 a5 36. Rde5 axb4 37. axb4 Rcc8 38. h4 Ra4 39. R5e4 h5 40. R1e2 Raa8 41. Rd2 Ra4 42. Kf3 Ra3+ 43. Kg2 Ra4 44. Red4 Rc7 45. Rd8 Rxb4 46. Rxf8+ 1-0


[Site "https://www.chess.com"]

[Event "Titled Tuesday Blitz June 07 Early 2022"]
[White "Kamsky, Gata"]
[Black "Sapunov, Evgeny"]
[WhiteFideId "2000024"]
[BlackFideId "4126661"]
[WhiteElo "2645"]
[BlackElo "2470"]
[Result "1-0"]
[Round "09"]
[TimeControl "180+1"]
[Date "2022.06.07"]
[WhiteClock "0:00:28"]
[BlackClock "0:00:20"]

1. e4 c5 2. Nf3 d6 3. d4 cxd4 4. Qxd4 a6 5. c4 e6 6. Nc3 Nf6 7. Be2 Be7 8. O-O Qc7 9. b3 O-O 10. Bb2 b6 11. Rac1 Nbd7 12. h3 Bb7 13. Qe3 Rfe8 14. Rfd1 Rad8 15. b4 Rc8 16. a3 Qb8 17. Bd3 Qa8 18. Re1 h6 19. Na4 Bd8 20. Bd4 b5 21. cxb5 Rxc1 22. Rxc1 axb5 23. Bxb5 Bxe4 24. Bxf6 Nxf6 25. Bxe8 Nxe8 26. Nc3 Bxf3 27. Qxf3 Qxa3 28. Rb1 d5 29. Qe3 Qa8 30. b5 Nd6 31. b6 Qb7 32. Qc5 Nc4 33. Na4 g5 34. Qb5 Na3 35. Qe8+ Kg7 36. Nc5 Qc8 37. b7 Qxc5 38. b8=Q Nxb1 39. Qexd8 Nc3 40. Qe5+ Kg6 41. Qdf6+ 1-0


[Site "https://www.chess.com"]

[Event "Titled Tuesday Blitz June 07 Early 2022"]
[White "Khoroshev, Nikita"]
[Black "Koelle, Tobias"]
[WhiteFideId "14200287"]
[BlackFideId "16207378"]
[WhiteElo "2354"]
[BlackElo "2541"]
[Result "1-0"]
[Round "09"]
[TimeControl "180+1"]
[Date "2022.06.07"]
[WhiteClock "0:01:22"]
[BlackClock "0:01:10"]

1. e4 c6 2. Nf3 d5 3. d3 dxe4 4. dxe4 Qxd1+ 5. Kxd1 Nd7 6. Nbd2 Nc5 7. Bd3 Nf6 8. Ke2 g6 9. c3 Nxd3 10. Kxd3 Bg7 11. h3 O-O 12. Ke2 b6 13. Rd1 Ba6+ 14. Ke1 Bd3 15. Ne5 Bc2 16. Nxc6 Bxd1 17. Nxe7+ Kh8 18. Kxd1 Rfe8 19. Nc6 Nxe4 20. Nxe4 Rxe4 21. Be3 Re6 22. Nb4 a5 23. Nd3 Rd8 24. Kc2 Kg8 25. a4 h6 26. g4 Rb8 27. Rd1 Rd6 28. Bf4 Rbd8 29. Bxd6 Rxd6 30. Nf4 Rf6 31. Rd8+ Kh7 32. Nd3 Rf3 33. Rd6 Rxh3 34. Rxb6 h5 35. gxh5 gxh5 36. Rb5 h4 37. Rxa5 Kh6 38. Nf4 Bxc3 39. Rh5+ Kg7 40. Nxh3 1-0


[Site "https://www.chess.com"]

[Event "Titled Tuesday Blitz June 07 Early 2022"]
[White "Kozak, Adam"]
[Black "Rosen, Eric"]
[WhiteFideId "753246"]
[BlackFideId "2032562"]
[WhiteElo "2459"]
[BlackElo "2362"]
[Result "1-0"]
[Round "09"]
[TimeControl "180+1"]
[Date "2022.06.07"]
[WhiteClock "0:01:14"]
[BlackClock "0:00:01"]

1. Nf3 d5 2. g3 Nf6 3. Bg2 e6 4. O-O b5 5. b3 Be7 6. Bb2 c5 7. c4 bxc4 8. bxc4 O-O 9. cxd5 exd5 10. d3 Bb7 11. Nbd2 Nbd7 12. Rb1 Qc7 13. Qc2 Rac8 14. Rfc1 Rfd8 15. Nd4 Nb6 16. Nf5 d4 17. Nxd4 Bxg2 18. Kxg2 Nbd5 19. N4f3 h6 20. Nc4 Nb4 21. Qa4 Nfd5 22. a3 Nb6 23. Nxb6 Qxb6 24. axb4 cxb4 25. Rxc8 Rxc8 26. Bd4 Qd8 27. Qxa7 g5 28. h3 Ra8 29. Qb7 h5 30. Qe4 Rb8 31. Qe5 f6 32. Qe4 Qe8 33. g4 h4 34. Nd2 Qf7 35. Nc4 Bf8 36. Qf3 Bg7 37. Nd6 Qd7 38. Nf5 Qb7 39. Rb3 Bf8 40. Qxb7 Rxb7 41. Bxf6 Kf7 42. Bxg5 Kg6 43. Bxh4 Ra7 44. Rb1 Ra3 45. Bg3 Kf6 46. Bd6 Bxd6 47. Nxd6 Ra4 48. Nc4 Kg5 49. Kg3 Kg6 50. f4 Ra2 51. Rxb4 Rxe2 52. Rb6+ Kg7 53. Rb2 Re7 54. Kf3 Rc7 55. Rd2 Kh7 56. Ne3 Re7 57. h4 Ra7 58. h5 Kh6 59. d4 Rd7 60. Nf5+ Kh7 61. d5 Kg8 62. Rc2 1-0


[Site "https://www.chess.com"]

[Event "Titled Tuesday Blitz June 07 Early 2022"]
[White "Lazavik, Denis"]
[Black "Gunina, Valentina"]
[WhiteFideId "13515110"]
[BlackFideId "4167570"]
[WhiteElo "2437"]
[BlackElo "2386"]
[Result "1-0"]
[Round "09"]
[TimeControl "180+1"]
[Date "2022.06.07"]
[WhiteClock "0:00:27"]
[BlackClock "0:00:05"]

1. d4 d5 2. c4 c6 3. Nf3 Nf6 4. Qc2 dxc4 5. Qxc4 Bg4 6. Nc3 Nbd7 7. Bf4 Nb6 8. Qd3 Nbd5 9. Nxd5 Nxd5 10. Bd2 Bxf3 11. gxf3 e6 12. O-O-O Bb4 13. Kb1 Bxd2 14. Qxd2 Qb6 15. e3 O-O-O 16. Bd3 g6 17. f4 Kb8 18. Rc1 Nb4 19. Be4 c5 20. Rc4 f5 21. Bf3 a5 22. a3 Na6 23. Rd1 Rd7 24. Qc2 Rhd8 25. Rd3 cxd4 26. Rb3 d3 27. Rxb6 dxc2+ 28. Rxc2 Ka7 29. Rxe6 Nc7 30. Re5 b6 31. e4 fxe4 32. Bxe4 Rf7 33. f5 gxf5 34. Rxf5 Re7 35. Bc6 Rd1+ 36. Ka2 Na6 37. Rf8 Nb8 38. Bf3 b5 39. Bxd1 1-0


[Site "https://www.chess.com"]

[Event "Titled Tuesday Blitz June 07 Early 2022"]
[White "Le, Tuan Minh"]
[Black "Vokhidov, Shamsiddin"]
[WhiteFideId "12401153"]
[BlackFideId "14204223"]
[WhiteElo "2530"]
[BlackElo "2611"]
[Result "1-0"]
[Round "09"]
[TimeControl "180+1"]
[Date "2022.06.07"]
[WhiteClock "0:00:41"]
[BlackClock "0:00:08"]

1. d4 Nf6 2. Nf3 d5 3. Bf4 c5 4. c3 Nc6 5. e3 Nh5 6. Be5 f6 7. Bg3 g6 8. Bd3 cxd4 9. cxd4 Bg7 10. Nc3 O-O 11. Bc2 Be6 12. O-O Bf7 13. Rc1 Rc8 14. a3 Qd7 15. Bb3 Rfd8 16. Ba2 Nxg3 17. hxg3 Na5 18. Qe2 Nc4 19. Rfd1 b5 20. e4 dxe4 21. Nxe4 Bh6 22. Rc2 Qf5 23. a4 a6 24. Re1 Kg7 25. Rc3 Rc6 26. axb5 axb5 27. Bb1 Qc8 28. b4 Rd7 29. Nc5 Ra7 30. Be4 Rd6 31. Rd3 Nb6 32. Rdd1 Bc4 33. Bd3 Bf7 34. Bxb5 Nd5 35. Ra1 Rxa1 36. Rxa1 Qb8 37. Bc4 Nc3 38. Qxe7 Nd5 39. Bxd5 Rxd5 40. Ra7 Qg8 41. Ne6+ Kh8 42. Qxf7 Qxf7 43. Rxf7 Rb5 44. Rxf6 Rxb4 45. g4 Rb1+ 46. Kh2 Rd1 47. g5 Bg7 48. Rf7 1-0


[Site "https://www.chess.com"]

[Event "Titled Tuesday Blitz June 07 Early 2022"]
[White "Lianes Garcia, Marcos"]
[Black "Przybylski, Wojciech"]
[WhiteFideId "32060777"]
[BlackFideId "1117599"]
[WhiteElo "2310"]
[BlackElo "2133"]
[Result "1-0"]
[Round "09"]
[TimeControl "180+1"]
[Date "2022.06.07"]
[WhiteClock "0:00:48"]
[BlackClock "0:00:02"]

1. e4 e5 2. g3 Nf6 3. Bg2 Nc6 4. Ne2 Bc5 5. O-O O-O 6. c3 d5 7. d4 exd4 8. cxd4 Bb6 9. e5 Ne4 10. f3 Ng5 11. f4 Ne4 12. Be3 f5 13. Nbc3 Be6 14. Rc1 Qd7 15. Na4 Rad8 16. h3 Kh8 17. Kh2 Qe8 18. a3 Qg6 19. b4 Bc8 20. Bf3 Ne7 21. Nxb6 cxb6 22. Rg1 Bd7 23. Rc7 Qe8 24. Rxb7 Bc6 25. Rxa7 Ra8 26. Rxa8 Qxa8 27. Qb3 Ba4 28. Qb2 Bb5 29. Rc1 Bc4 30. Nc3 Qa6 31. Nb1 b5 32. Nd2 Nc6 33. Nb3 Qc8 34. Nc5 Qe8 35. Ra1 Qg6 36. Qg2 Nd8 37. a4 Ne6 38. a5 N6xc5 39. dxc5 Qa6 40. Bd4 Rd8 41. Re1 Re8 42. Rg1 Qe6 43. g4 g6 44. g5 Qc6 45. h4 Qe6 46. h5 Kg7 47. Qh3 Rh8 48. Kg2 gxh5 49. Qxh5 Nd2 50. Rh1 Nxf3 51. Kxf3 Bd3 52. Qh6+ Qxh6 53. Rxh6 Be4+ 54. Ke3 Kf7 55. a6 Kg7 56. e6+ Kg8 57. Bxh8 d4+ 58. Kxd4 Bc6 59. e7 Be8 60. a7 Bc6 61. a8=Q+ Bxa8 62. e8=Q# 1-0


[Site "https://www.chess.com"]